Map: Big Great Hunters (no limit units)

Players

Asassin - Winner!

  • Race: Protoss Protoss
  • Spawn Location: 5:00

hitman - Winner!

  • Race: Protoss Protoss
  • Spawn Location: 6:00

FormatU

  • Race: Zerg Zerg
  • Spawn Location: 12:00

Gracz

  • Race: Zerg Zerg
  • Spawn Location: 9:00

VOD

Have the link to the VOD?

Description

Time

  • Played on: Feb. 27, 2016, 9:05 a.m.
  • Length: 34:04
Show
View Real Time Build Order
Export as new Build Order

Asassin Protoss - Winner!

Build Orders:  

Get SALT Encoding   

  6  0:00  Probe x8 (Chrono Boost)  
    0:03  Probe (Chrono Boost)  
    0:05  Probe (Chrono Boost)  
    0:07  Probe (Chrono Boost)  
    0:15  Probe (Chrono Boost)  
    0:16  Probe (Chrono Boost)  
    0:17  Probe (Chrono Boost)  
    0:19  Probe (Chrono Boost)  
    0:21  Probe (Chrono Boost)  
    0:23  Probe (Chrono Boost)  
    0:25  Probe (Chrono Boost)  
    0:27  Probe (Chrono Boost)  
    0:30  Probe (Chrono Boost)  
    0:31  Probe (Chrono Boost)  
    0:39  Probe (Chrono Boost)  
    0:42  Probe (Chrono Boost)  
    0:46  Probe (Chrono Boost)  
    0:49  Probe (Chrono Boost)  
    0:53  Probe (Chrono Boost)  
    0:54  Probe x2 (Chrono Boost)  
    0:55  Probe (Chrono Boost)  
    0:56  Probe (Chrono Boost)  
    0:57  Probe (Chrono Boost)  
    0:58  Probe x2 (Chrono Boost)  
    0:59  Probe (Chrono Boost)  
    1:00  Probe (Chrono Boost)  
    1:01  Probe (Chrono Boost)  
    1:02  Probe x2 (Chrono Boost)  
    1:03  Probe (Chrono Boost)  
    1:04  Probe (Chrono Boost)  
    1:05  Probe (Chrono Boost)  
    1:07  Probe (Chrono Boost)  
    1:10  Probe (Chrono Boost)  
    1:13  Probe x2 (Chrono Boost)  
    1:14  Probe (Chrono Boost)  
    1:16  Probe (Chrono Boost)  
    1:17  Probe x2 (Chrono Boost)  
    1:18  Probe (Chrono Boost)  
    1:19  Probe (Chrono Boost)  
    1:42  Pylon  
    1:44  Pylon  
    1:48  Pylon  
    1:51  Forge  
    1:56  Gateway  
    1:57  Gateway  
    2:01  Gateway  
    2:04  Gateway  
    2:06  Gateway  
    2:16  Pylon  
    2:27  Probe x2 (Chrono Boost)  
    2:28  Probe (Chrono Boost)  
    2:29  Probe (Chrono Boost)  
    2:30  Probe (Chrono Boost)  
    2:35  Pylon  
    2:37  Pylon  
    2:40  Probe (Chrono Boost)  
    2:41  Pylon  
    3:16  Zealot x5  
    3:23  Gateway  
    3:25  Probe (Chrono Boost)  
    3:29  Photon Cannon  
    3:32  Photon Cannon  
    3:36  Photon Cannon  
    3:39  Photon Cannon x2  
    3:40  Photon Cannon  
    3:42  Photon Cannon x2  
    3:44  Photon Cannon  
    3:45  Photon Cannon  
    3:46  Pylon  
    3:47  Photon Cannon  
    3:49  Photon Cannon  
    3:51  Photon Cannon x3  
    3:53  Photon Cannon  
    3:54  Zealot  
    4:14  Photon Cannon  
    4:15  Photon Cannon  
    4:19  Photon Cannon  
    4:21  Photon Cannon  
    4:23  Photon Cannon  
    4:25  Photon Cannon  
    4:26  Photon Cannon  
    4:28  Photon Cannon, Cybernetics Core  
    4:33  Assimilator  
    4:35  Assimilator  
    4:39  Assimilator  
    4:41  Probe (Chrono Boost)  
    4:42  Probe (Chrono Boost)  
    4:43  Probe (Chrono Boost)  
    4:44  Assimilator, Probe (Chrono Boost)  
    4:45  Probe (Chrono Boost)  
    4:46  Probe (Chrono Boost)  
    4:47  Probe (Chrono Boost)  
    4:48  Assimilator, Nexus, Probe (Chrono Boost)  
    4:49  Probe x2 (Chrono Boost)  
    4:50  Probe (Chrono Boost), Zealot x4  
    4:51  Assimilator, Probe (Chrono Boost), Zealot x2  
    4:52  Probe (Chrono Boost)  
    4:53  Probe (Chrono Boost)  
    4:54  Probe x2 (Chrono Boost)  
    4:55  Probe (Chrono Boost)  
    4:56  Probe (Chrono Boost)  
    4:57  Probe (Chrono Boost)  
    4:59  Probe x2 (Chrono Boost)  
    5:00  Probe (Chrono Boost)  
    5:01  Probe (Chrono Boost)  
    5:02  Probe (Chrono Boost)  
    5:03  Probe x2 (Chrono Boost)  
    5:04  Probe (Chrono Boost)  
    5:05  Probe (Chrono Boost)  
    5:06  Probe (Chrono Boost)  
    5:07  Probe x2 (Chrono Boost)  
    5:08  Probe (Chrono Boost)  
    5:09  Probe (Chrono Boost)  
    5:10  Probe (Chrono Boost)  
    5:11  Probe (Chrono Boost)  
    5:28  Zealot  
    5:32  Assimilator  
    5:35  Assimilator  
    5:38  Zealot  
    5:39  Zealot x3  
    5:40  Assimilator  
    5:42  Probe (Chrono Boost)  
    5:44  Assimilator  
    5:46  Photon Cannon  
    5:47  Assimilator  
    5:48  Photon Cannon  
    5:50  Assimilator  
    5:51  Photon Cannon  
    5:53  Photon Cannon  
    5:56  Probe (Chrono Boost), Photon Cannon  
    5:57  Probe (Chrono Boost)  
    5:58  Probe x2 (Chrono Boost)  
    5:59  Probe (Chrono Boost)  
    6:00  Probe (Chrono Boost)  
    6:01  Probe (Chrono Boost)  
    6:02  Probe (Chrono Boost)  
    6:04  Pylon, Photon Cannon  
    6:06  Pylon, Photon Cannon  
    6:09  Pylon  
    6:13  Pylon  
    6:18  Pylon  
    6:24  Probe x2 (Chrono Boost)  
    6:25  Probe (Chrono Boost)  
    6:27  Stargate, Probe (Chrono Boost)  
    6:28  Probe (Chrono Boost)  
    6:29  Probe (Chrono Boost)  
    6:30  Stargate, Probe (Chrono Boost)  
    6:31  Probe (Chrono Boost)  
    6:32  Probe x2 (Chrono Boost)  
    6:33  Stargate, Probe (Chrono Boost)  
    6:34  Probe (Chrono Boost)  
    6:35  Probe (Chrono Boost)  
    6:36  Probe x2 (Chrono Boost)  
    6:37  Stargate, Probe (Chrono Boost)  
    6:38  Probe (Chrono Boost)  
    6:39  Probe (Chrono Boost)  
    6:40  Probe (Chrono Boost)  
    6:41  Stargate, Probe (Chrono Boost)  
    6:42  Probe (Chrono Boost)  
    6:43  Probe (Chrono Boost)  
    6:44  Stargate, Probe (Chrono Boost)  
    6:45  Probe (Chrono Boost)  
    6:46  Probe x2 (Chrono Boost)  
    6:47  Stargate, Probe (Chrono Boost)  
    6:49  Probe (Chrono Boost)  
  42  6:50  Stargate, Probe (Chrono Boost)  
    6:51  Probe (Chrono Boost)  
    6:52  Stargate, Probe (Chrono Boost)  
    6:54  Probe x2 (Chrono Boost)  
    7:26  Stargate  
    7:29  Stargate  
    7:31  Probe (Chrono Boost)  
    7:32  Stargate, Probe x2 (Chrono Boost)  
    7:33  Probe (Chrono Boost)  
    7:34  Stargate, Probe (Chrono Boost)  
    7:35  Probe (Chrono Boost)  
    7:36  Probe x2 (Chrono Boost), Void Ray x3  
    7:37  Probe (Chrono Boost)  
    7:38  Probe (Chrono Boost)  
    7:39  Probe (Chrono Boost)  
    7:40  Protoss Air Weapons Level 1, Probe (Chrono Boost)  
    7:41  Stargate  
    7:46  Probe x2 (Chrono Boost)  
    7:47  Probe (Chrono Boost)  
    7:48  Probe (Chrono Boost)  
    7:49  Probe (Chrono Boost)  
    7:51  Stargate  
    7:55  Stargate  
    7:58  Stargate  
    8:07  Void Ray x4  
    8:09  Void Ray  
    8:13  Probe (Chrono Boost)  
    8:14  Probe (Chrono Boost)  
    8:15  Probe (Chrono Boost)  
    8:16  Probe (Chrono Boost)  
    8:17  Probe x2 (Chrono Boost)  
    8:18  Probe (Chrono Boost)  
    8:19  Probe (Chrono Boost)  
    8:20  Probe (Chrono Boost)  
    8:29  Fleet Beacon  
    8:35  Stalker x5, Probe (Chrono Boost)  
    8:36  Stalker, Probe (Chrono Boost)  
    8:37  Probe (Chrono Boost)  
    8:38  Probe x2 (Chrono Boost)  
    8:39  Probe (Chrono Boost)  
    8:40  Probe (Chrono Boost)  
    8:41  Probe (Chrono Boost), Void Ray  
    8:42  Probe (Chrono Boost), Void Ray x2  
    8:43  Probe x2 (Chrono Boost)  
    8:44  Probe (Chrono Boost)  
    8:45  Probe (Chrono Boost)  
    8:46  Probe (Chrono Boost)  
    8:47  Probe (Chrono Boost)  
    9:17  Stalker  
    9:41  Pylon  
    9:56  Void Ray x5  
    9:57  Void Ray x5  
    9:58  Void Ray x5  
    9:59  Void Ray  
    10:08  Stalker x2  
    10:09  Stalker x4  
    10:55  Zealot x3  
    10:56  Void Ray x5, Zealot x3  
    10:57  Void Ray x3  
    11:01  Mothership Core (Chrono Boost)  
    11:08  Robotics Facility  
    11:13  Void Ray  
    11:14  Void Ray x4  
    11:15  Void Ray x2, Twilight Council  
    11:50  Zealot x5  
    11:51  Zealot  
    11:55  Protoss Air Armor Level 1  
    11:56  Void Ray x4  
    12:04  Pylon  
    12:06  Pylon  
    12:10  Pylon  
    12:15  Photon Cannon  
    12:16  Pylon  
    12:18  Pylon  
    12:19  Photon Cannon  
    12:20  Pylon  
    12:23  Pylon  
    12:25  Photon Cannon  
    12:28  Zealot x4  
    12:37  Charge  
    12:41  Photon Cannon  
    12:45  Photon Cannon x2  
    12:46  Photon Cannon  
    12:50  Photon Cannon  
    12:53  Photon Cannon  
    12:56  Photon Cannon  
    12:59  Photon Cannon  
    13:00  Void Ray x5  
    13:03  Photon Cannon  
    13:06  Photon Cannon  
    13:09  Photon Cannon  
    13:15  Photon Cannon  
    13:16  Void Ray  
    13:17  Void Ray x2  
    13:19  Photon Cannon  
    13:24  Photon Cannon  
    13:32  Photon Cannon  
    13:40  Photon Cannon  
    13:47  Photon Cannon  
    14:08  Zealot x5  
    14:09  Zealot  
    14:24  Void Ray  
    14:25  Void Ray x4  
    14:26  Phoenix x4  
    14:27  Phoenix x2  
    14:46  Zealot  
    15:32  Void Ray x2  
    15:33  Void Ray x6  
    15:53  Phoenix  
    15:54  Phoenix x4  
    16:28  Void Ray  
    16:29  Void Ray x4  
    17:21  Phoenix  
    17:22  Phoenix x6  
    17:23  Phoenix x4  
    18:34  Phoenix  
    18:35  Phoenix x6  
    18:36  Phoenix x6  
    18:37  Phoenix x2  
    19:17  Phoenix x2  
    19:22  Probe (Chrono Boost)  
    19:23  Probe (Chrono Boost)  
    19:24  Probe x2 (Chrono Boost)  
    20:14  Pylon  
Show
View Real Time Build Order
Export as new Build Order

hitman Protoss - Winner!

Build Orders:  

Get SALT Encoding   

    0:00  Probe x8 (Chrono Boost)  
    0:03  Probe (Chrono Boost)  
    0:05  Probe (Chrono Boost)  
    0:09  Probe (Chrono Boost)  
    0:11  Probe (Chrono Boost)  
    0:14  Probe (Chrono Boost)  
    0:16  Probe (Chrono Boost)  
    0:19  Probe (Chrono Boost)  
    0:21  Probe (Chrono Boost)  
    0:34  Probe (Chrono Boost)  
    0:35  Probe (Chrono Boost)  
    0:36  Probe x2 (Chrono Boost)  
    0:37  Probe (Chrono Boost)  
    0:38  Probe (Chrono Boost)  
    0:39  Probe (Chrono Boost)  
    0:40  Probe x2 (Chrono Boost)  
    0:41  Probe (Chrono Boost)  
    0:43  Probe (Chrono Boost)  
    0:45  Probe (Chrono Boost)  
    0:47  Probe (Chrono Boost)  
    0:48  Probe (Chrono Boost)  
    0:50  Probe (Chrono Boost)  
    0:51  Probe (Chrono Boost)  
    0:53  Probe (Chrono Boost)  
    0:54  Probe (Chrono Boost)  
    0:56  Probe (Chrono Boost)  
    0:58  Probe (Chrono Boost)  
    0:59  Probe (Chrono Boost)  
    1:00  Probe (Chrono Boost)  
    1:02  Probe (Chrono Boost)  
    1:03  Probe (Chrono Boost)  
    1:05  Probe (Chrono Boost)  
    1:06  Probe (Chrono Boost)  
    1:09  Probe (Chrono Boost)  
    1:13  Probe (Chrono Boost)  
    1:14  Probe x2 (Chrono Boost)  
    1:15  Probe (Chrono Boost)  
    1:16  Probe (Chrono Boost)  
    1:38  Pylon  
    1:39  Forge  
    1:44  Gateway  
    1:50  Pylon  
    1:54  Gateway  
    1:57  Gateway  
    1:58  Probe (Chrono Boost)  
    1:59  Probe (Chrono Boost)  
    2:00  Probe (Chrono Boost)  
    2:02  Pylon  
    2:07  Assimilator  
    2:08  Probe (Chrono Boost)  
    2:09  Assimilator  
    2:10  Assimilator  
    2:11  Probe (Chrono Boost)  
    2:12  Assimilator, Probe (Chrono Boost)  
    2:13  Assimilator  
    2:14  Probe (Chrono Boost)  
    2:15  Assimilator  
    2:38  Probe (Chrono Boost)  
    2:39  Probe (Chrono Boost)  
    2:40  Probe (Chrono Boost)  
    2:41  Probe x2 (Chrono Boost)  
    2:42  Probe (Chrono Boost)  
    2:43  Probe (Chrono Boost), Photon Cannon  
    2:44  Probe (Chrono Boost)  
    2:45  Probe x2 (Chrono Boost), Photon Cannon  
    2:46  Probe (Chrono Boost)  
    2:47  Probe (Chrono Boost)  
    2:48  Probe (Chrono Boost), Photon Cannon  
    2:49  Probe (Chrono Boost)  
  18  2:50  Probe x2 (Chrono Boost), Photon Cannon  
    2:51  Probe (Chrono Boost)  
    2:52  Probe (Chrono Boost)  
    3:24  Pylon  
    3:28  Pylon  
    3:31  Nexus  
    3:36  Assimilator  
    3:39  Assimilator  
    3:43  Assimilator  
    3:46  Assimilator  
    3:50  Assimilator  
    4:01  Pylon  
    4:02  Pylon  
    4:04  Pylon  
    4:05  Photon Cannon  
    4:08  Photon Cannon  
    4:10  Photon Cannon  
    4:12  Photon Cannon  
    4:16  Pylon  
    4:17  Photon Cannon  
    4:20  Photon Cannon  
    4:23  Photon Cannon  
    4:26  Pylon  
    4:28  Photon Cannon  
    4:31  Photon Cannon  
    4:33  Photon Cannon  
    4:35  Photon Cannon  
    4:42  Cybernetics Core  
    4:50  Gateway, Zealot  
    4:51  Gateway, Zealot x2  
    4:58  Gateway  
    5:12  Gateway  
    5:14  Gateway  
    5:18  Gateway  
    5:25  Pylon  
    5:28  Zealot x2  
    5:29  Zealot  
    5:34  Probe (Chrono Boost)  
    5:35  Probe (Chrono Boost), Photon Cannon  
    5:36  Probe x2 (Chrono Boost)  
    5:37  Probe (Chrono Boost), Photon Cannon  
    5:38  Probe (Chrono Boost)  
    5:39  Pylon, Probe (Chrono Boost)  
    5:40  Probe x2 (Chrono Boost)  
    5:41  Probe (Chrono Boost), Photon Cannon  
    5:42  Probe (Chrono Boost)  
    5:43  Probe (Chrono Boost)  
    5:44  Probe (Chrono Boost)  
    5:45  Probe x2 (Chrono Boost)  
    5:46  Probe (Chrono Boost)  
    5:47  Probe (Chrono Boost)  
    5:48  Probe (Chrono Boost)  
    5:49  Probe x2 (Chrono Boost)  
    5:50  Probe (Chrono Boost)  
    5:51  Probe (Chrono Boost)  
    5:52  Probe (Chrono Boost)  
    5:53  Probe x2 (Chrono Boost)  
    6:06  Zealot x2  
    6:11  Photon Cannon  
    6:12  Photon Cannon  
    6:15  Photon Cannon  
    6:18  Photon Cannon  
    6:22  Pylon  
    6:27  Pylon  
    6:29  Photon Cannon  
    6:32  Robotics Facility  
    6:34  Photon Cannon  
    6:35  Robotics Facility  
    6:36  Probe x2 (Chrono Boost), Photon Cannon  
    6:37  Probe (Chrono Boost)  
    6:38  Probe (Chrono Boost), Zealot x3  
    6:39  Probe (Chrono Boost)  
    6:40  Probe (Chrono Boost), Photon Cannon  
    6:43  Photon Cannon  
    6:45  Photon Cannon  
    6:47  Photon Cannon  
    6:50  Photon Cannon  
    6:53  Photon Cannon  
    6:55  Assimilator  
    7:06  Pylon  
    7:09  Pylon  
    7:12  Probe (Chrono Boost)  
    7:13  Probe (Chrono Boost)  
    7:14  Probe (Chrono Boost)  
    7:15  Probe x2 (Chrono Boost)  
    7:16  Probe (Chrono Boost)  
    7:17  Probe (Chrono Boost), Photon Cannon  
    7:18  Probe (Chrono Boost)  
    7:19  Probe x2 (Chrono Boost)  
    7:20  Probe (Chrono Boost), Photon Cannon  
    7:21  Probe (Chrono Boost)  
    7:22  Probe (Chrono Boost), Photon Cannon  
    7:23  Probe (Chrono Boost)  
    7:24  Photon Cannon  
    7:28  Pylon  
    7:32  Pylon  
    7:37  Photon Cannon  
    7:38  Photon Cannon  
    7:42  Stargate  
    7:43  Stargate  
    7:47  Stargate  
    7:50  Stargate  
    8:01  Pylon  
    8:03  Robotics Facility x2, Twilight Council  
    8:06  Robotics Facility  
    8:07  Robotics Bay  
    8:09  Robotics Facility  
    8:19  Photon Cannon  
    8:21  Probe x2 (Chrono Boost)  
    8:22  Probe (Chrono Boost), Photon Cannon  
    8:23  Probe (Chrono Boost)  
    8:24  Probe (Chrono Boost)  
    8:25  Probe (Chrono Boost), Photon Cannon  
    8:26  Probe x2 (Chrono Boost)  
    8:27  Probe (Chrono Boost)  
    8:28  Probe (Chrono Boost), Photon Cannon  
    8:29  Probe (Chrono Boost)  
  52  8:30  Probe x2 (Chrono Boost), Immortal x2  
    8:32  Photon Cannon  
    8:54  Void Ray x3  
    8:55  Void Ray  
    8:56  Pylon  
    8:57  Pylon, Blink  
    9:01  Pylon  
    9:07  Dark Shrine  
    9:12  Pylon  
    9:16  Pylon  
    9:19  Pylon, Photon Cannon  
    9:23  Photon Cannon  
    9:24  Immortal  
    9:25  Immortal  
    9:29  Pylon  
    9:34  Photon Cannon  
    9:37  Photon Cannon  
    9:39  Photon Cannon  
    9:49  Colossus x4  
    9:54  Void Ray x4  
    10:03  Probe (Chrono Boost)  
    10:04  Probe x2 (Chrono Boost)  
    10:05  Probe (Chrono Boost)  
    10:06  Extended Thermal Lance, Probe (Chrono Boost)  
    10:07  Probe (Chrono Boost)  
    10:13  Stargate  
    10:15  Stargate  
    10:18  Stargate  
    10:19  Immortal  
    10:20  Stargate  
    10:23  Stargate  
    10:25  Gateway  
    10:26  Stargate  
    10:28  Gateway  
    10:31  Gateway  
    10:35  Gateway  
    10:37  Gateway, Warp Gate  
    10:39  Gateway  
    10:42  Gateway  
    10:45  Gateway  
    10:48  Gateway  
    10:49  Pylon  
    10:52  Pylon, Gateway  
    10:54  Void Ray  
    10:55  Pylon  
    10:59  Photon Cannon  
    11:00  Void Ray  
    11:01  Photon Cannon, Void Ray x2  
    11:03  Colossus  
    11:04  Colossus x3  
    11:05  Photon Cannon  
    11:08  Photon Cannon  
    11:42  Protoss Shields Level 1  
    11:47  Charge  
    11:53  Pylon  
    11:54  Void Ray  
    11:56  Pylon  
    11:59  Zealot  
    12:00  Void Ray, Zealot x5  
    12:01  Void Ray x2  
    12:05  Void Ray  
    12:06  Void Ray x4  
    12:21  Photon Cannon  
    12:22  Photon Cannon  
    12:25  Photon Cannon  
    12:26  Observer, Observer Gravitic Boosters, Warp Prism  
    12:27  Warp Prism  
    12:28  Photon Cannon  
    12:31  Probe (Chrono Boost)  
    12:32  Probe x2 (Chrono Boost)  
    12:33  Fleet Beacon, Probe (Chrono Boost)  
    12:34  Probe (Chrono Boost)  
    12:35  Probe (Chrono Boost)  
    12:36  Forge  
    12:37  Zealot  
    12:38  Zealot x5  
    12:39  Forge  
    12:52  Void Ray  
    12:53  Void Ray  
    13:00  Void Ray  
    13:01  Void Ray x2  
    13:03  Photon Cannon  
    13:05  Void Ray, Photon Cannon  
    13:06  Void Ray x4  
    13:08  Photon Cannon  
    13:12  Photon Cannon  
    13:14  Photon Cannon  
    13:17  Photon Cannon  
    13:20  Photon Cannon  
    13:26  Photon Cannon  
    13:29  Photon Cannon  
    13:30  Photon Cannon  
    13:32  Photon Cannon  
    13:33  Photon Cannon  
    13:35  Photon Cannon  
    13:37  Photon Cannon  
    13:39  Photon Cannon x2  
    13:42  Photon Cannon  
    13:45  Photon Cannon x2  
    13:47  Photon Cannon  
    13:50  Photon Cannon  
    13:52  Void Ray  
    13:53  Void Ray  
    13:55  Photon Cannon  
    13:58  Photon Cannon  
    14:00  Void Ray x3, Photon Cannon  
    14:05  Void Ray  
    14:06  Void Ray x4  
    14:15  Protoss Ground Weapons Level 1, Protoss Ground Armor Level 1  
    14:19  Pylon  
    14:20  Pylon  
    14:24  Pylon  
    14:26  Pylon  
    14:29  Pylon  
    14:32  Nexus  
    14:35  Cybernetics Core  
    14:38  Gateway  
    14:41  Gateway  
    14:43  Probe x2 (Chrono Boost)  
    14:44  Gateway, Probe (Chrono Boost)  
    14:45  Probe (Chrono Boost), Gateway  
    14:46  Probe (Chrono Boost)  
    14:47  Probe (Chrono Boost)  
    14:48  Probe (Chrono Boost)  
    14:50  Gateway  
    14:52  Void Ray  
    14:53  Void Ray  
    14:54  Photon Cannon  
    14:56  Photon Cannon  
    14:58  Photon Cannon  
    15:00  Void Ray  
    15:03  Photon Cannon  
    15:07  Pylon  
    15:09  Pylon, Void Ray x3  
  92  15:10  Void Ray x4  
    15:52  Void Ray  
    15:53  Void Ray  
    16:00  Void Ray  
    16:09  Void Ray x4  
  98  16:10  Void Ray x2  
    16:23  Void Ray  
    16:35  Protoss Air Armor Level 1  
    16:52  Void Ray  
    16:53  Void Ray  
    17:00  Void Ray  
    17:02  Probe (Chrono Boost)  
    17:03  Probe (Chrono Boost)  
    17:04  Probe (Chrono Boost), Photon Cannon  
    17:05  Photon Cannon  
    17:08  Photon Cannon  
    17:10  Photon Cannon  
    17:14  Photon Cannon  
    17:16  Photon Cannon  
    17:56  Pylon  
    17:59  Pylon  
    18:11  Dark Templar x4  
    18:12  Dark Templar x2  
    18:16  Stalker x2  
    18:55  Pylon  
    19:11  Void Ray x6  
    19:12  Void Ray x4  
    19:38  Immortal x4  
    19:45  Stalker  
    19:46  Stalker x4  
    20:11  Void Ray x6  
    20:31  Pylon  
    20:33  Pylon, Immortal x2  
    20:36  Pylon  
    20:38  Void Ray x4  
    20:44  Stalker  
    20:45  Stalker x3  
    21:01  Dark Templar x4  
    21:02  Dark Templar x3  
    21:10  Void Ray  
    21:11  Void Ray x5  
    21:23  Stalker x2  
    21:24  Stalker x2  
    21:25  Stalker x2  
    21:26  Stalker  
    21:27  Stalker x2  
    21:38  Void Ray x4  
    22:10  Void Ray  
    22:11  Void Ray x5  
    22:38  Void Ray x4  
    22:49  Photon Cannon x2  
    22:52  Photon Cannon  
    22:55  Colossus x3, Photon Cannon  
    22:57  Photon Cannon  
    23:01  Photon Cannon  
    23:03  Photon Cannon  
    23:06  Photon Cannon  
    23:10  Void Ray  
    23:11  Void Ray x5  
    23:15  Pylon, Mothership Core (Chrono Boost)  
    23:18  Pylon  
    23:22  Pylon  
    23:23  Protoss Air Armor Level 2  
    23:24  Pylon  
    23:28  Protoss Shields Level 2  
    23:29  Protoss Ground Armor Level 2  
    23:37  Void Ray  
    23:38  Void Ray x3  
    23:41  Gravitic Drive  
    23:44  Protoss Air Weapons Level 1  
    23:52  Photon Cannon  
    23:55  Photon Cannon  
    23:58  Photon Cannon  
    24:01  Photon Cannon  
    24:03  Photon Cannon  
    24:08  Photon Cannon  
    24:10  Void Ray  
    24:11  Void Ray x5, Photon Cannon  
    24:12  Photon Cannon  
    24:17  Photon Cannon  
    24:20  Photon Cannon  
    24:22  Photon Cannon  
    24:27  Gateway  
    24:29  Gateway  
    24:33  Gateway  
    24:35  Pylon  
    24:37  Void Ray  
    24:38  Void Ray x2  
    24:39  Pylon  
    24:46  Robotics Facility  
    24:48  Robotics Facility  
    24:53  Photon Cannon  
    24:54  Photon Cannon  
    24:57  Photon Cannon  
    24:58  Zealot  
    24:59  Photon Cannon, Zealot x6  
    25:00  Zealot  
    25:01  Zealot x2  
    25:03  Photon Cannon  
    25:07  Pylon  
    25:09  Pylon  
    25:10  Void Ray  
    25:11  Void Ray x5  
    25:12  Pylon  
    25:17  Pylon  
    25:18  Immortal x2  
    25:19  Immortal x2  
    25:20  Pylon  
    25:24  Pylon  
    25:29  Pylon  
    25:32  Pylon  
    25:37  Void Ray  
    25:38  Void Ray x2  
    25:46  Photon Cannon  
    25:48  Photon Cannon  
    25:51  Photon Cannon  
    25:54  Photon Cannon  
    25:58  Photon Cannon  
    26:01  Photon Cannon  
    26:03  Photon Cannon  
    26:04  Warp Prism x2  
    26:06  Photon Cannon  
    26:09  Photon Cannon  
    26:10  Void Ray  
    26:11  Void Ray x5  
    26:13  Immortal  
    26:14  Gateway  
    26:15  Gateway, Photon Cannon  
    26:17  Photon Cannon  
    26:18  Gateway  
    26:20  Pylon  
    26:21  Gateway  
    26:22  Pylon  
    26:24  Void Ray  
    26:26  Photon Cannon  
    26:27  Photon Cannon  
    26:30  Photon Cannon  
    26:33  Photon Cannon  
    26:36  Photon Cannon  
    26:37  Void Ray  
    26:38  Void Ray x2  
    26:42  Protoss Air Weapons Level 2  
    26:53  Protoss Shields Level 3  
    26:54  Protoss Ground Armor Level 3, Warp Prism x2  
    27:07  Probe (Chrono Boost), Photon Cannon  
    27:08  Probe (Chrono Boost)  
    27:09  Probe (Chrono Boost), Photon Cannon  
    27:10  Void Ray  
    27:11  Void Ray x5  
    27:12  Photon Cannon  
    27:15  Photon Cannon  
    27:17  Photon Cannon  
    27:22  Photon Cannon  
    27:24  Void Ray  
    27:25  Pylon  
    27:28  Pylon  
    27:37  Void Ray  
    27:38  Void Ray x2  
    27:52  Stalker x5  
    27:53  Stalker x2  
    27:54  Stalker x2  
    27:55  Stalker x4  
    28:05  Zealot x4  
    28:06  Zealot  
    28:10  Void Ray  
    28:11  Void Ray x5  
    28:19  Photon Cannon x2  
    28:23  Photon Cannon  
    28:33  Zealot x3  
    28:34  Zealot x5  
    28:35  Zealot x3  
    28:36  Zealot  
    28:38  Void Ray x2  
    28:57  Stalker  
    28:58  Stalker x4  
    28:59  Stalker x3  
    29:10  Probe (Chrono Boost), Void Ray  
    29:11  Probe (Chrono Boost), Void Ray x4  
    29:12  Probe (Chrono Boost)  
    29:17  Void Ray  
    29:18  Void Ray x2  
    29:36  Zealot  
    29:37  Zealot x4  
    29:38  Void Ray x2, Zealot x5  
    29:39  Zealot x3  
    29:56  Protoss Air Weapons Level 3  
    30:10  Void Ray  
    30:11  Void Ray x4  
    30:17  Void Ray  
    30:18  Void Ray x2  
    30:23  Photon Cannon  
    30:25  Photon Cannon  
    30:27  Photon Cannon  
    30:32  Photon Cannon  
    30:33  Protoss Ground Weapons Level 2  
    30:36  Photon Cannon  
    30:38  Void Ray  
    30:58  Void Ray  
    31:10  Void Ray  
    31:11  Void Ray x3  
    31:17  Void Ray x3  
    31:26  Pylon  
    31:31  Pylon  
    31:35  Photon Cannon  
    31:37  Photon Cannon  
    31:38  Void Ray  
    31:40  Dark Templar  
    31:41  Dark Templar  
    31:42  Dark Templar x4, Photon Cannon  
    31:43  Dark Templar x2  
    31:45  Photon Cannon  
    31:47  Photon Cannon  
    31:49  Photon Cannon  
    31:51  Pylon  
    31:52  Pylon  
    31:56  Pylon  
    31:58  Void Ray  
    31:59  Photon Cannon  
    32:00  Photon Cannon  
    32:02  Photon Cannon  
    32:03  Photon Cannon  
    32:04  Photon Cannon  
    32:08  Photon Cannon  
    32:09  Photon Cannon  
    32:10  Void Ray x3  
    32:11  Photon Cannon, Void Ray  
    32:14  Photon Cannon  
    32:16  Photon Cannon  
    32:17  Void Ray x3  
    32:20  Photon Cannon  
    32:23  Photon Cannon  
    32:24  Photon Cannon  
    32:27  Colossus x4  
    32:29  Photon Cannon  
    32:38  Photon Cannon, Void Ray  
    32:43  Photon Cannon  
    32:52  Dark Templar  
    32:53  Dark Templar x4  
    32:55  Dark Templar x2  
    32:56  Dark Templar x2  
    32:57  Void Ray  
    33:10  Void Ray x3  
    33:11  Void Ray  
    33:17  Void Ray x2  
    33:31  Probe (Chrono Boost)  
    33:32  Probe x2 (Chrono Boost)  
    33:35  Warp Prism x2  
    34:01  Void Ray x2  
    34:02  Void Ray x2  
    34:10  Void Ray x3  
    34:11  Void Ray  
    34:17  Void Ray x2  
    34:25  Warp Prism x2  
    34:55  Probe (Chrono Boost)  
    34:56  Probe (Chrono Boost)  
    34:59  Probe (Chrono Boost)  
    35:00  Probe (Chrono Boost)  
    35:01  Probe (Chrono Boost), Void Ray x2  
    35:02  Probe (Chrono Boost), Void Ray x2  
    35:03  Probe x2 (Chrono Boost)  
    35:10  Void Ray x4  
    35:15  Warp Prism  
    35:16  Void Ray  
    35:17  Void Ray  
    35:36  Photon Cannon  
    35:37  Photon Cannon  
    35:40  Photon Cannon  
    35:46  Photon Cannon  
    35:48  Photon Cannon  
    35:52  Stalker x4  
    35:53  Stalker x4, Photon Cannon  
    35:57  Pylon  
    36:00  Pylon, Void Ray  
    36:01  Void Ray  
    36:02  Void Ray x2  
    36:03  Pylon  
    36:10  Void Ray x4  
    36:16  Void Ray  
    36:17  Pylon, Void Ray  
    36:25  Photon Cannon  
    37:00  Void Ray  
    37:01  Void Ray  
    37:02  Void Ray x2  
    37:09  Void Ray  
    37:10  Void Ray x3  
    37:16  Void Ray  
    37:17  Void Ray  
    37:33  Pylon  
    37:36  Pylon  
    37:38  Gateway x2  
    37:44  Gateway  
    37:46  Gateway  
    37:49  Gateway  
    37:52  Gateway  
    37:54  Gateway  
    38:00  Void Ray  
    38:02  Gateway, Void Ray  
    38:05  Gateway  
    38:08  Photon Cannon  
    38:09  Gateway  
    38:11  Gateway  
    38:17  Photon Cannon  
    38:18  Photon Cannon  
    38:20  Photon Cannon  
    38:21  Zealot  
    38:22  Photon Cannon, Zealot x5  
    38:23  Zealot x4  
    38:24  Zealot x2  
    38:25  Zealot x2  
    38:28  Photon Cannon  
    38:29  Protoss Air Armor Level 3  
    38:31  Photon Cannon  
    38:33  Void Ray  
    38:34  Photon Cannon, Void Ray x5  
    38:37  Photon Cannon  
    38:42  Photon Cannon  
    38:43  Stalker  
    38:44  Stalker x3  
    38:46  Photon Cannon  
    38:49  Photon Cannon  
    38:51  Photon Cannon  
    39:00  Void Ray  
    39:02  Photon Cannon, Void Ray  
    39:06  Photon Cannon  
    39:19  Protoss Ground Weapons Level 3  
    39:31  Dark Templar x2  
    39:32  Dark Templar x4  
    39:33  Dark Templar, Void Ray  
    39:34  Void Ray x5  
    39:35  Dark Templar x4  
    39:36  Dark Templar x4  
    39:37  Dark Templar x3  
    39:38  Dark Templar  
    39:39  Dark Templar x2  
    40:00  Void Ray  
    40:01  Void Ray  
    40:06  Probe (Chrono Boost)  
    40:07  Probe (Chrono Boost)  
    40:08  Probe (Chrono Boost)  
    40:27  Zealot x2  
    40:28  Zealot x5  
    40:29  Zealot x2  
    40:33  Stalker x2, Void Ray  
    40:34  Void Ray x5  
    40:47  Photon Cannon  
    40:48  Photon Cannon  
    40:50  Photon Cannon  
    40:55  Pylon x3  
    40:59  Pylon  
    41:01  Pylon  
    41:06  Pylon  
    41:11  Photon Cannon x3  
    41:13  Photon Cannon  
    41:14  Photon Cannon  
    41:16  Photon Cannon  
    41:17  Photon Cannon  
    41:19  Photon Cannon  
    41:21  Photon Cannon  
    41:22  Photon Cannon  
    41:25  Photon Cannon  
    41:26  Photon Cannon, Void Ray x4  
    41:28  Gateway  
    41:29  Gateway  
    41:33  Gateway, Void Ray  
    41:34  Void Ray x5  
    41:40  Pylon, Gateway  
    41:42  Gateway  
    41:44  Pylon  
    41:49  Gateway  
    41:50  Gateway  
    41:53  Gateway  
    41:55  Pylon  
    41:57  Probe (Chrono Boost)  
    42:26  Void Ray x4  
    42:33  Void Ray x3  
    42:34  Void Ray x3  
    42:41  Stalker x2  
    42:42  Stalker x4  
    42:43  Stalker x4  
    42:44  Stalker  
    42:55  Dark Templar x2  
    42:56  Dark Templar x3  
    42:57  Dark Templar x3  
    42:58  Dark Templar  
    43:25  Void Ray  
    43:26  Void Ray x3  
    43:33  Void Ray x3  
    43:34  Photon Cannon, Void Ray x3  
    43:36  Photon Cannon  
    43:39  Photon Cannon  
    43:40  Photon Cannon  
    43:43  Photon Cannon  
    43:46  Photon Cannon  
    43:50  Photon Cannon  
    43:53  Photon Cannon  
    43:56  Photon Cannon  
    44:08  Pylon  
    44:09  Pylon  
    44:12  Pylon  
    44:14  Pylon  
    44:21  Pylon  
    44:25  Pylon, Void Ray  
    44:26  Void Ray x3  
    44:30  Photon Cannon  
    44:33  Void Ray x4  
    44:34  Void Ray x2  
    44:35  Photon Cannon  
    44:37  Photon Cannon  
    44:39  Photon Cannon  
    44:40  Photon Cannon  
    44:41  Photon Cannon  
    44:42  Photon Cannon  
    44:46  Photon Cannon  
    44:47  Photon Cannon  
    44:49  Photon Cannon  
    44:52  Photon Cannon  
    44:56  Photon Cannon  
    44:59  Photon Cannon  
    45:00  Photon Cannon  
    45:04  Photon Cannon  
    45:07  Photon Cannon  
    45:17  Pylon  
    45:18  Pylon  
    45:21  Pylon, Dark Templar  
    45:22  Dark Templar x3  
    45:23  Pylon, Dark Templar x2  
    45:24  Dark Templar  
    45:25  Void Ray  
    45:26  Void Ray x3  
    45:33  Void Ray x5  
    45:34  Void Ray  
    45:55  Dark Templar  
    45:56  Dark Templar x2  
    45:57  Dark Templar x4  
    45:58  Dark Templar x4  
    45:59  Dark Templar x5  
    46:00  Dark Templar  
    46:13  Probe (Chrono Boost)  
    46:25  Void Ray  
    46:26  Void Ray x3  
    46:31  Dark Templar x5  
    46:32  Dark Templar  
    46:33  Void Ray x5  
    46:34  Void Ray  
    46:55  Photon Cannon  
    46:57  Photon Cannon  
    47:00  Photon Cannon  
    47:03  Photon Cannon  
    47:08  Photon Cannon  
    47:09  Photon Cannon  
    47:12  Photon Cannon  
    47:14  Photon Cannon  
    47:18  Photon Cannon  
    47:20  Photon Cannon  
    47:22  Photon Cannon  
Show
View Real Time Build Order
Export as new Build Order

FormatU Zerg 

Build Orders: Pool First 

Get SALT Encoding   

    0:00  Drone x8  
    0:06  Drone  
    0:12  Drone  
    0:13  Drone x2  
    0:15  Drone  
    0:18  Drone  
    0:21  Drone  
    0:25  Drone  
    0:27  Drone  
    0:32  Drone  
    0:34  Drone  
    0:37  Drone  
    0:38  Drone  
    0:41  Drone  
    0:44  Drone  
    0:45  Drone  
    0:48  Extractor  
    0:50  Drone  
    0:52  Extractor  
    0:55  Drone  
    0:56  Drone x2  
    0:58  Drone  
    1:00  Drone  
    1:02  Drone  
    1:04  Drone  
    1:06  Drone  
    1:08  Drone  
    1:10  Drone  
    1:12  Drone  
    1:14  Drone  
  9  1:20  Drone x2  
    1:23  Drone  
    1:24  Drone  
    1:26  Drone  
    1:27  Drone  
    1:29  Drone  
    1:32  Drone  
    1:34  Drone  
    1:35  Drone  
    1:39  Drone  
    1:40  Drone  
    1:41  Spawning Pool  
    1:42  Drone  
    1:43  Drone  
    1:46  Drone  
    1:47  Drone  
    1:49  Extractor, Drone  
    1:51  Drone  
    1:52  Drone  
    1:53  Extractor  
    1:55  Drone  
    1:58  Drone  
    2:02  Drone x2  
    2:05  Drone  
    2:06  Drone  
    2:07  Drone  
    2:09  Drone  
    2:11  Drone  
    2:12  Extractor  
    2:14  Drone  
    2:15  Drone  
    2:17  Drone  
    2:18  Hatchery  
    2:21  Drone x2  
    2:24  Drone  
    2:25  Drone  
    2:32  Drone x3  
    2:38  Drone  
    2:39  Drone x2  
    2:44  Drone  
    2:45  Drone  
    2:46  Drone  
    2:48  Drone  
    2:52  Lair, Hatchery  
    2:55  Hatchery  
    2:56  Drone x3  
    2:58  Drone  
    3:00  Drone  
    3:04  Drone  
    3:07  Drone  
    3:08  Drone  
    3:11  Drone  
    3:12  Drone  
    3:22  Drone  
    3:23  Drone x2  
    3:26  Drone  
    3:27  Drone  
    3:28  Drone  
    3:32  Drone  
    3:33  Drone  
    3:35  Drone  
    3:40  Drone x2  
    3:55  Drone x3  
    3:58  Drone  
    4:03  Drone x3  
    4:07  Hatchery x2  
    4:16  Spine Crawler  
    4:17  Drone  
    4:18  Drone x3  
    4:19  Spine Crawler  
    4:22  Spine Crawler  
    4:25  Spine Crawler  
    4:26  Drone x2  
    4:27  Drone  
    4:29  Drone x2  
  28  4:30  Drone  
    4:32  Drone x3  
    4:39  Spire  
    4:44  Drone x3  
    4:47  Hydralisk Den  
    4:54  Extractor  
    4:59  Spine Crawler  
    5:03  Drone x2  
    5:04  Drone  
    5:06  Spine Crawler, Drone x2  
    5:09  Spine Crawler  
    5:11  Spine Crawler  
    5:34  Hydralisk x5  
    5:35  Hydralisk x4  
    5:37  Hydralisk  
    5:39  Hydralisk  
    5:40  Hydralisk x2  
    5:42  Hydralisk x5  
    5:44  Hydralisk  
    5:45  Hydralisk x3  
    5:47  Hydralisk x3  
    5:48  Hydralisk  
    5:53  Zergling x8  
    5:54  Zergling x20  
    5:57  Metabolic Boost  
    5:58  Zergling x2  
    5:59  Zergling x18  
  37  6:00  Zergling x2  
    6:01  Zergling x2  
    6:02  Zergling x8  
    6:04  Zergling x6  
    6:05  Zergling x2  
    6:17  Hydralisk  
    6:18  Hydralisk x5  
    6:19  Hydralisk  
    6:24  Mutalisk  
    6:25  Mutalisk x2  
    6:29  Mutalisk  
    6:31  Mutalisk  
    6:39  Mutalisk  
    6:40  Mutalisk  
    6:42  Zergling x2  
    6:43  Zergling x16  
    6:44  Zergling x2  
    6:45  Zergling x2  
    6:46  Zergling x2  
    6:47  Zergling x2  
    7:06  Hydralisk x5  
    7:07  Hydralisk x4  
    7:14  Hydralisk  
    7:15  Hydralisk x3  
    7:18  Hydralisk  
    7:25  Mutalisk  
    7:33  Mutalisk  
    7:42  Mutalisk x2, Drone  
    7:43  Drone x8  
    7:44  Drone x6  
    7:48  Mutalisk  
    7:52  Mutalisk  
    8:03  Drone  
    8:04  Drone x5  
    8:05  Drone x2  
    8:09  Mutalisk x2  
  50  8:10  Mutalisk  
    8:13  Drone x3  
    8:14  Drone x4  
    8:15  Drone  
    8:16  Mutalisk  
    8:28  Drone x2  
    8:36  Spine Crawler  
    8:37  Drone  
    8:39  Drone  
    8:41  Drone, Spore Crawler  
    8:42  Spine Crawler  
    8:44  Drone  
    8:45  Mutalisk, Spore Crawler  
    8:46  Drone  
    8:48  Mutalisk  
    8:49  Mutalisk x3, Drone  
    8:54  Extractor  
    8:55  Extractor  
    8:56  Extractor  
    8:57  Extractor, Hatchery  
    8:59  Extractor  
    9:01  Extractor  
    9:09  Mutalisk  
    9:12  Mutalisk  
    9:16  Mutalisk, Extractor  
    9:19  Extractor  
    9:20  Extractor, Hatchery  
    9:21  Extractor  
    9:26  Mutalisk, Extractor  
    9:27  Mutalisk x3  
    9:33  Extractor  
    9:38  Mutalisk  
    9:39  Mutalisk  
    9:45  Mutalisk  
    9:53  Mutalisk, Drone x2  
    9:55  Mutalisk, Drone  
    9:57  Drone x3  
    10:02  Mutalisk  
    10:04  Drone x3  
    10:06  Drone x3  
    10:09  Drone x3  
    10:11  Drone x3  
    10:23  Drone x3  
    10:26  Drone x3  
    10:28  Drone x3  
    10:30  Drone  
    10:31  Mutalisk x3, Drone x2  
    10:32  Mutalisk x2  
    10:33  Drone x3  
    10:35  Mutalisk, Drone x2  
    10:36  Drone  
    10:38  Drone x5  
    10:39  Drone x10  
  67  11:00  Drone x6  
    11:04  Drone x4  
    11:05  Drone x16  
    11:06  Mutalisk  
    11:07  Mutalisk x4, Drone x3  
    11:09  Drone x6  
    11:11  Drone x5  
    11:12  Mutalisk, Drone x3  
    11:13  Mutalisk, Drone x3  
    11:14  Zergling x2  
    11:24  Drone  
    11:25  Drone x4  
    11:26  Drone  
    11:27  Drone  
    11:28  Drone  
    11:30  Mutalisk  
    11:31  Mutalisk x2  
    11:33  Burrow  
    11:35  Pneumatized Carapace  
    11:36  Mutalisk  
    11:42  Drone  
    11:43  Drone x2  
    11:45  Mutalisk  
    11:49  Mutalisk x2  
    11:50  Mutalisk  
    11:51  Drone  
    11:52  Drone x2  
    12:05  Evolution Chamber  
    12:06  Zerg Flyer Weapons Level 1, Evolution Chamber  
    12:12  Mutalisk  
    12:13  Mutalisk x5  
    12:14  Spire  
    12:15  Lurker Den  
    12:16  Mutalisk x2  
    12:17  Mutalisk  
    12:19  Mutalisk  
    12:22  Mutalisk  
    12:24  Mutalisk x2  
    12:25  Mutalisk x2  
    12:26  Mutalisk  
    12:27  Mutalisk  
    12:28  Mutalisk  
    12:33  Mutalisk  
    12:34  Drone  
    12:35  Drone  
    12:37  Mutalisk  
    12:38  Mutalisk x3  
    12:42  Mutalisk x2  
    12:47  Mutalisk x3  
    12:48  Zergling x2  
    12:54  Drone  
    12:55  Drone x10  
    12:58  Spine Crawler x2  
    12:59  Spine Crawler  
    13:02  Spine Crawler  
    13:03  Spore Crawler  
    13:05  Spine Crawler, Spore Crawler  
    13:08  Spore Crawler  
    13:09  Spore Crawler  
    13:10  Drone  
    13:11  Drone x2  
    13:13  Spine Crawler  
    13:14  Spine Crawler, Mutalisk x7  
    13:15  Spine Crawler x2, Mutalisk x6  
    13:16  Mutalisk  
    13:17  Mutalisk  
    13:18  Mutalisk  
    13:19  Spine Crawler  
    13:23  Mutalisk x2  
    13:24  Mutalisk  
    13:26  Drone x7  
    13:27  Drone x13  
    13:30  Drone  
    13:31  Drone x7  
    13:35  Mutalisk  
    13:36  Mutalisk x5  
    13:38  Mutalisk  
    13:40  Mutalisk  
    13:51  Mutalisk  
    13:52  Mutalisk x5  
    13:53  Mutalisk  
    13:56  Mutalisk  
    13:57  Mutalisk  
    13:59  Mutalisk  
    14:01  Mutalisk  
    14:04  Mutalisk  
    14:05  Mutalisk  
    14:06  Zergling x2, Drone  
    14:07  Zergling x36, Drone x2  
    14:13  Mutalisk  
    14:14  Mutalisk x4  
    14:16  Mutalisk  
    14:18  Mutalisk  
    14:20  Mutalisk  
    14:28  Mutalisk  
    14:29  Mutalisk x2  
    14:30  Infestation Pit  
    14:33  Mutalisk  
    14:34  Mutalisk x2  
    14:36  Mutalisk  
    14:39  Mutalisk  
    14:40  Zergling x2  
    14:41  Zergling x30  
    14:42  Zergling x8  
    14:43  Zergling x2  
    14:44  Zergling x6  
    14:55  Mutalisk  
    14:58  Zergling x10  
    14:59  Zergling x24  
  91  15:00  Zergling x4  
    15:06  Zergling x2  
    15:07  Zergling x12  
    15:08  Zergling x4  
    15:10  Zergling x2  
    15:11  Zergling x10  
    15:12  Zergling x4  
    15:13  Mutalisk x3  
    15:15  Mutalisk  
    15:16  Mutalisk x5  
    15:17  Mutalisk x5  
    15:18  Mutalisk x2  
    15:19  Mutalisk  
  93  15:20  Mutalisk x3  
    15:21  Zergling x2  
    15:22  Zergling x16  
    15:25  Zergling x12  
    15:26  Zergling x10  
    15:32  Mutalisk x3  
    15:33  Mutalisk x4  
    15:34  Mutalisk  
    15:37  Hive  
    15:39  Zergling x2  
    15:43  Zergling x2  
    15:44  Zergling x30  
    15:45  Zergling x8  
    15:46  Mutalisk x2  
    15:47  Mutalisk  
    15:48  Mutalisk x3  
    15:51  Mutalisk  
    15:52  Mutalisk  
    15:57  Zergling x2  
    15:58  Zergling x12  
    15:59  Mutalisk  
    16:00  Mutalisk x3  
    16:04  Mutalisk  
    16:23  Spine Crawler  
    16:24  Spine Crawler x2  
    16:25  Spine Crawler  
    16:27  Spore Crawler  
    16:31  Spore Crawler  
    16:32  Mutalisk x2, Spore Crawler  
    16:33  Mutalisk x14  
    16:34  Spore Crawler  
    16:35  Mutalisk  
    16:36  Zergling x10, Spore Crawler  
    16:37  Zergling x12, Spore Crawler  
    16:40  Zergling x4  
    16:41  Zergling x16  
    16:43  Zergling x8  
    16:44  Zergling x8  
    16:46  Zergling x2  
    16:47  Zergling x6  
    16:48  Zergling x8  
    16:49  Zergling x2  
    16:50  Zergling x6  
    16:54  Zergling x2  
    16:55  Zergling x12  
    16:56  Mutalisk x6  
    16:57  Mutalisk x5  
    16:58  Mutalisk  
    17:03  Zerg Flyer Armor Level 1  
    17:05  Zerg Flyer Weapons Level 2  
    17:09  Zergling x2  
    17:10  Zergling x32  
    17:11  Zergling x8  
    17:12  Zergling x2  
    17:14  Zergling x2  
    17:15  Zergling x18  
    17:16  Zergling x2  
    17:17  Zergling x2  
    17:18  Zergling x8  
    17:20  Zergling x2  
    17:21  Zergling x8  
    17:25  Zergling x4  
    17:26  Zergling x8  
    17:28  Zergling x2  
    17:29  Zergling x10  
    17:30  Mutalisk x2  
    17:31  Mutalisk x5  
    17:33  Mutalisk  
    17:34  Mutalisk x7  
    17:35  Mutalisk  
    17:37  Mutalisk  
    17:40  Mutalisk x2  
    17:42  Mutalisk  
    17:46  Mutalisk  
    17:47  Mutalisk  
    17:48  Mutalisk  
    17:49  Zergling x2  
    17:50  Zergling x22  
    17:51  Zergling x12  
    17:52  Zergling x2  
    17:53  Zergling x6  
    17:54  Zergling x2  
    17:55  Zergling x6  
    17:56  Zergling x6  
    17:57  Zergling x2  
    17:58  Zergling x18  
    17:59  Zergling x4  
    18:02  Mutalisk  
    18:03  Mutalisk  
    18:04  Mutalisk x2  
    18:05  Mutalisk x2  
    18:10  Mutalisk  
    18:11  Mutalisk  
    18:12  Mutalisk  
    18:13  Mutalisk  
    18:14  Mutalisk x2  
    18:15  Zergling x2  
    18:16  Zergling x4  
    18:18  Zergling x2  
    18:19  Zergling x4  
    18:23  Viper x3  
    18:34  Zergling x4  
    18:35  Zergling x4  
    18:36  Zergling x4  
    18:42  Mutalisk  
    18:43  Mutalisk x3  
    18:44  Zergling x4  
    18:45  Zergling x4  
    18:46  Zergling x2  
    18:47  Zergling x4  
    18:48  Zergling x2  
    18:49  Zergling x2  
    18:50  Zergling x4  
    18:51  Zergling x4  
    18:52  Zergling x2  
    18:53  Zergling x8  
    18:54  Zergling x2  
    18:55  Zergling x4  
    18:56  Zergling x4  
    19:01  Mutalisk  
    19:03  Mutalisk  
    19:04  Mutalisk x4  
    19:05  Mutalisk x5  
    19:06  Mutalisk x3  
    19:07  Mutalisk x5  
    19:10  Mutalisk  
    19:11  Mutalisk  
    19:13  Mutalisk  
    19:19  Mutalisk  
    19:20  Mutalisk  
    19:21  Mutalisk x2  
    19:33  Mutalisk  
    19:34  Mutalisk x6  
    19:40  Zergling x2  
    19:41  Zergling x18  
    19:42  Zergling x2  
    19:46  Zergling x2  
    19:47  Zergling x2  
    19:48  Zergling x12  
    19:49  Zergling x14  
    19:50  Zergling x2  
    19:51  Zergling x8  
    19:52  Mutalisk  
    19:53  Mutalisk  
    19:56  Zergling x2  
    19:57  Zergling x16  
    20:01  Zergling x2  
    20:02  Zergling x10  
    20:08  Zergling x2  
    20:09  Zergling x6  
    20:16  Zergling x4  
    20:17  Zergling x18  
    20:20  Mutalisk  
    20:21  Mutalisk x8  
    20:22  Mutalisk x2  
    20:23  Mutalisk x9  
    20:25  Mutalisk  
    20:26  Mutalisk x4  
    20:31  Zergling x2  
    20:32  Zergling x22  
    20:33  Zergling x12  
    20:34  Zergling x2  
    20:35  Zergling x6  
    20:36  Zergling x2  
    20:37  Zergling x12  
    20:40  Mutalisk  
    20:41  Mutalisk x5  
    20:42  Mutalisk x2  
    20:44  Mutalisk  
    21:10  Zergling x2  
    21:11  Zergling x14  
    21:12  Zergling x22  
    21:13  Zergling x4  
    21:16  Zergling x2  
    21:17  Zergling x24  
    21:23  Zergling x8  
    21:24  Zergling x34  
    21:26  Zergling x2  
    21:27  Zergling x2  
    21:33  Zergling x10  
    21:34  Zergling x32  
    21:49  Zergling x2  
  132  21:50  Zergling x22  
    21:51  Zergling x4  
    21:55  Zergling x2  
    21:56  Zergling x16, Unknown  
    21:57  Zergling x8, Unknown  
    22:01  Zergling x2  
    22:02  Zergling x28  
    22:03  Zergling x10  
    22:04  Unknown, Drone x2  
    22:05  Zergling x2  
    22:09  Mutalisk  
    22:10  Mutalisk x12  
    22:11  Mutalisk x8  
    22:12  Mutalisk  
    22:13  Mutalisk  
    22:14  Mutalisk x6  
    22:15  Mutalisk  
    22:16  Mutalisk x5  
    22:17  Mutalisk  
    22:18  Mutalisk x6  
    22:27  Hatchery  
    22:28  Zergling x2, Hatchery  
    22:29  Zergling x26  
    22:30  Zergling x14  
    22:32  Hatchery  
    22:34  Hatchery  
    22:36  Hatchery  
    22:37  Hatchery  
    22:42  Drone  
    22:43  Drone x8  
    22:44  Zergling x2, Drone  
    22:45  Mutalisk, Hatchery x2  
    22:46  Mutalisk x14, Drone x6, Hatchery x2  
    22:47  Mutalisk x5, Drone x3  
    22:48  Mutalisk, Drone, Hatchery x2  
    22:49  Drone x7  
    22:50  Drone x4  
    22:51  Mutalisk x3, Drone  
    22:52  Drone x8  
    22:53  Mutalisk  
    22:54  Zergling x2, Drone  
    22:55  Zergling x30, Drone x11  
    22:56  Zergling x4  
    22:57  Drone  
    22:58  Drone x6  
    23:00  Drone  
    23:01  Drone x3  
    23:02  Drone x3  
    23:16  Drone  
    23:17  Drone x16  
    23:18  Drone x4  
    23:21  Zergling x4  
    23:36  Zergling x2  
    23:37  Zergling x12  
    23:39  Zergling x10  
    23:40  Zergling x6  
    23:42  Zergling x2  
    23:43  Mutalisk x3  
    23:44  Mutalisk x10  
    23:45  Mutalisk  
    23:46  Mutalisk x7  
    23:49  Viper  
    23:51  Zergling x2  
    23:52  Zergling x16  
    23:53  Zergling x22, Drone  
    23:54  Drone x2  
    23:55  Zergling x6  
    23:56  Zergling x6  
    24:04  Zerg Flyer Weapons Level 3, Zerg Flyer Armor Level 2  
    24:07  Zerg Missile Weapons Level 1  
    24:08  Zerg Ground Armor Level 1  
    24:14  Evolution Chamber  
    24:21  Extractor x2, Hatchery  
    24:22  Extractor  
    24:29  Extractor  
    24:31  Zergling x2, Hatchery  
    24:33  Zergling x4  
    24:34  Zergling x24  
    24:35  Zergling x26  
    24:36  Zergling x12, Hatchery  
    24:37  Zergling x2  
    24:38  Zergling x4  
    24:39  Mutalisk x6  
    24:40  Mutalisk x13  
    24:41  Mutalisk x7  
    24:42  Mutalisk  
    24:44  Mutalisk  
    24:46  Drone  
    24:47  Drone x2  
    24:49  Drone x3  
    24:50  Zergling x2  
    24:51  Zergling x18  
    24:52  Zergling x30  
    24:53  Zergling x8, Drone x2  
    24:54  Zergling x2, Drone  
    24:56  Zergling x10, Drone x3  
    24:57  Zergling x24  
    24:58  Zergling x10, Drone x3  
    25:00  Drone  
    25:01  Drone x7  
    25:02  Drone x18  
    25:03  Drone x11  
    25:22  Mutalisk x4  
    25:23  Mutalisk x9, Drone  
    25:24  Mutalisk x7, Drone x2  
    25:36  Zerg Melee Weapons Level 1  
    25:45  Ultralisk Cavern  
    25:49  Viper x2  
    25:50  Viper x3  
    25:54  Mutalisk x3, Extractor  
    25:56  Mutalisk  
    25:58  Mutalisk  
    26:02  Extractor  
    26:07  Zergling x4  
    26:08  Zergling x6  
    26:09  Zergling x6  
    26:10  Zergling x4  
    26:11  Zergling x4  
    26:12  Zergling x4  
    26:13  Zergling x2  
    26:14  Zergling x2  
    26:42  Mutalisk x2  
    26:43  Mutalisk  
    26:44  Mutalisk  
    26:45  Mutalisk  
    26:46  Mutalisk  
    26:47  Mutalisk x2  
    26:48  Mutalisk  
    26:49  Mutalisk  
    26:50  Mutalisk  
    26:51  Mutalisk  
    26:52  Mutalisk  
    26:53  Mutalisk x2  
    26:54  Mutalisk x2  
    26:55  Mutalisk x4  
    26:56  Mutalisk  
    26:57  Mutalisk  
    26:58  Mutalisk x2  
    26:59  Mutalisk x2  
    27:00  Mutalisk  
    27:01  Mutalisk  
    27:02  Mutalisk  
    27:03  Mutalisk  
    27:04  Mutalisk x2  
    27:05  Mutalisk  
    27:06  Mutalisk  
    27:07  Mutalisk  
    27:08  Mutalisk x2  
    27:11  Mutalisk  
    27:12  Mutalisk x3  
    27:13  Mutalisk  
    27:32  Mutalisk  
    27:33  Mutalisk x10  
    27:35  Zergling x12  
    27:36  Zergling x36  
    27:37  Zergling x22  
    27:38  Zergling x2  
    27:39  Zergling x28  
  167  27:40  Zergling x24  
    27:41  Zergling x2  
    27:42  Zergling x24  
    27:43  Zergling x8  
    27:52  Drone  
    27:54  Mutalisk x2  
    27:55  Mutalisk x10, Drone  
    27:58  Zergling x2  
    27:59  Zergling x36  
    28:00  Zergling x18  
    28:02  Zergling x4  
    28:03  Zergling x6  
    28:04  Corruptor x5  
    28:06  Corruptor  
    28:15  Zergling x2  
    28:16  Zergling x22  
    28:17  Zergling x36  
    28:18  Zergling x6  
    28:19  Zergling x2  
    28:20  Zergling x24  
    28:21  Zergling x10  
    28:26  Hatchery  
    28:27  Extractor x2  
    28:28  Extractor  
    28:31  Extractor  
    28:34  Mutalisk  
    28:35  Mutalisk x11  
    28:36  Mutalisk x3  
    28:38  Mutalisk  
    28:39  Mutalisk  
    28:41  Mutalisk  
    28:43  Mutalisk  
    28:46  Mutalisk  
    28:49  Zergling x2  
    28:50  Zergling x8  
    28:51  Zergling x10  
    28:53  Drone x47  
    28:56  Zergling x2  
    28:57  Zergling x8  
    28:58  Zergling x10  
    28:59  Zergling x6  
    29:01  Mutalisk  
    29:02  Mutalisk x2  
    29:03  Mutalisk x3  
    29:04  Mutalisk  
    29:05  Mutalisk  
    29:06  Mutalisk x2  
    29:14  Extractor, Hatchery  
    29:15  Extractor x2  
    29:17  Extractor  
    29:18  Extractor  
    29:19  Extractor  
    29:20  Mutalisk  
    29:21  Mutalisk x2  
    29:22  Mutalisk  
    29:23  Mutalisk  
    29:24  Mutalisk x2  
    29:25  Mutalisk  
    29:26  Mutalisk  
    29:31  Mutalisk x2  
    29:35  Mutalisk x2  
    29:39  Mutalisk  
    29:44  Mutalisk x2  
    29:45  Mutalisk  
    29:47  Mutalisk  
    29:55  Mutalisk  
    29:56  Mutalisk x2  
    29:57  Mutalisk  
    30:05  Zergling x2  
    30:06  Zergling x4  
    30:07  Zergling x6  
    30:09  Zergling x2  
    30:10  Zergling x4  
    30:11  Zergling x10  
    30:12  Zergling x10  
    30:13  Zergling x12  
    30:14  Zergling x10  
    30:15  Zergling x2  
    30:16  Zergling x2  
    30:17  Zergling x2  
    30:18  Zergling x2  
    30:19  Zergling x4  
    30:22  Zergling x4  
    30:23  Zergling x2  
    30:25  Drone x2  
    30:27  Zergling x2  
    30:28  Zergling x4  
    30:29  Zergling x2  
    30:34  Zergling x4  
    30:35  Zergling x10  
    30:45  Drone  
    30:46  Drone x2  
    30:48  Hatchery  
    30:49  Mutalisk x2, Drone  
    30:50  Mutalisk x2  
    30:51  Mutalisk x4, Drone  
    30:52  Mutalisk x2  
    30:53  Mutalisk x5, Drone  
    30:54  Mutalisk x2  
    30:56  Zergling x2  
    30:57  Zergling x14  
    30:58  Zergling x20  
    30:59  Zergling x12  
    31:12  Zergling x2  
    31:13  Zergling x6  
    31:14  Zergling x10  
    31:15  Zergling x8  
    31:18  Zergling x2  
    31:19  Zergling x2  
    31:20  Zergling x8  
    31:22  Zergling x4  
    31:23  Zergling x4  
    31:40  Zergling x2  
    31:41  Zergling x2  
    31:42  Unknown  
    31:43  Unknown x4  
    31:47  Mutalisk  
    31:48  Mutalisk  
    31:50  Mutalisk  
    31:54  Unknown  
    31:59  Mutalisk x2  
  193  32:00  Mutalisk x4  
    32:01  Mutalisk x7  
    32:02  Mutalisk x3, Drone  
    32:03  Mutalisk x2, Drone x2  
    32:04  Mutalisk x5  
    32:13  Mutalisk  
    32:14  Mutalisk x2  
    32:16  Mutalisk  
    32:28  Overlord x2  
    32:29  Overlord x4  
    32:30  Overlord x5  
    32:31  Overlord x5  
    32:32  Spine Crawler, Overlord x4  
    32:33  Spine Crawler, Overlord x5  
    32:34  Spine Crawler, Spore Crawler  
    32:36  Spine Crawler, Spore Crawler  
    32:37  Spore Crawler x2  
    32:38  Spore Crawler  
    32:43  Mutalisk  
    32:44  Mutalisk x6  
    32:45  Mutalisk x3  
    32:48  Mutalisk  
    32:52  Mutalisk  
    33:00  Drone x3  
    33:01  Overseer x4  
    33:02  Overseer x2  
    33:03  Overseer  
    33:04  Drone x3  
    33:08  Drone x2  
    33:09  Drone  
    33:12  Zergling x2  
    33:13  Zergling x8  
    33:14  Zergling x4, Drone x2  
    33:15  Zergling x2, Drone  
    33:19  Drone x3  
    33:22  Drone x3  
    33:25  Drone  
    33:26  Drone x2  
    33:55  Zerg Ground Armor Level 2  
    33:56  Zerg Missile Weapons Level 2  
    33:57  Zerg Melee Weapons Level 2  
    33:58  Drone x24  
    33:59  Drone x8  
    34:00  Zerg Flyer Armor Level 3  
    34:01  Mutalisk  
    34:02  Ultralisk  
    34:03  Ultralisk x6, Drone x3  
    34:04  Drone  
    34:06  Zergling x8  
    34:09  Zergling x2  
    34:10  Zergling x10  
    34:11  Zergling x8  
    34:12  Zergling x2  
    34:19  Drone  
    34:20  Drone x3  
    34:21  Drone x9  
    34:22  Drone x4  
    34:27  Corruptor  
    34:44  Extractor x2  
    34:45  Mutalisk  
    34:46  Mutalisk x7  
    34:47  Mutalisk x6  
    34:48  Mutalisk  
    34:49  Mutalisk x6  
    34:51  Mutalisk  
    34:54  Mutalisk  
    34:55  Mutalisk x3  
    34:56  Mutalisk  
    34:58  Mutalisk  
    34:59  Mutalisk  
    35:00  Mutalisk  
    35:02  Mutalisk  
    35:11  Hydralisk  
    35:12  Hydralisk  
    35:13  Zergling x2  
    35:14  Zergling x14, Drone  
    35:15  Zergling x32, Drone x2  
    35:16  Zergling x8  
    35:40  Baneling Nest  
    35:41  Zergling x4  
    35:42  Zergling x12  
    35:43  Zergling x2  
    35:44  Zergling x6  
    35:57  Mutalisk x2  
    35:58  Mutalisk  
    35:59  Mutalisk x2  
  217  36:00  Mutalisk x4  
    36:01  Mutalisk x2  
    36:02  Mutalisk  
    36:03  Mutalisk  
    36:04  Mutalisk x2  
    36:05  Mutalisk  
    36:06  Mutalisk  
    36:07  Mutalisk  
    36:08  Mutalisk  
    36:09  Mutalisk x2  
    36:10  Mutalisk  
    36:11  Mutalisk  
    36:22  Mutalisk  
    36:23  Mutalisk  
    36:24  Mutalisk x5  
    36:25  Mutalisk x3  
    36:26  Mutalisk  
    36:27  Mutalisk  
    36:28  Mutalisk  
    36:29  Mutalisk  
    36:30  Mutalisk x4  
    36:31  Mutalisk  
    36:32  Mutalisk, Drone  
    36:33  Zergling x2, Drone  
    36:34  Zergling x4, Drone x2  
    36:35  Zergling x2  
    36:54  Mutalisk  
    36:55  Mutalisk x2  
    36:56  Mutalisk  
    36:57  Mutalisk x2  
    36:58  Mutalisk  
    36:59  Mutalisk  
    37:05  Hydralisk  
    37:06  Mutalisk  
    37:07  Mutalisk x4  
    37:11  Zergling x2  
    37:12  Zergling x4  
    37:13  Zergling x2  
    37:14  Zergling x2  
    37:18  Centrifical Hooks  
    37:21  Zergling x4  
    37:22  Zergling x8  
    37:23  Zergling x2  
    37:27  Zergling x4  
    37:28  Zergling x2  
    37:29  Zergling x2  
    37:32  Zerg Missile Weapons Level 3  
    37:34  Zerg Ground Armor Level 3  
    37:36  Zerg Melee Weapons Level 3  
    37:49  Mutalisk  
    37:52  Drone  
    37:58  Baneling  
    37:59  Baneling x2  
    38:00  Baneling x2, Drone  
    38:01  Baneling  
    38:02  Baneling x3  
    38:11  Hatchery  
    38:20  Hatchery  
    38:22  Baneling  
    38:23  Baneling x3  
    38:24  Baneling x6  
    38:25  Baneling x5  
    38:26  Baneling x6  
    38:27  Baneling x5  
    38:28  Baneling x5  
    38:29  Baneling x8  
    38:30  Baneling x7  
    38:31  Baneling x6  
    38:32  Baneling x8, Drone x16  
    38:33  Baneling x7  
    38:34  Baneling x7  
    38:35  Baneling  
    38:36  Baneling  
    38:38  Zergling x4  
    38:39  Zergling x26  
    38:40  Zergling x30  
    38:41  Zergling x26  
    38:42  Zergling x6  
    38:43  Zergling x2  
    38:44  Zergling x32  
    38:45  Zergling x16  
    39:06  Zergling x2  
    39:07  Zergling x4  
    39:08  Zergling x8  
    39:09  Zergling x4  
    39:15  Zergling x4  
    39:16  Zergling x2  
    39:17  Zergling x2  
    39:18  Zergling x2  
    39:19  Zergling x2  
    39:20  Zergling x2  
    39:34  Zergling x2  
    39:35  Zergling x2  
    39:36  Zergling x4  
    39:37  Zergling x2  
    39:38  Zergling x2  
    39:39  Zergling x2  
    39:40  Zergling x2  
    39:41  Zergling x4  
    39:43  Zergling x2  
    39:44  Zergling x2  
    39:46  Zergling x4  
    39:47  Zergling x2  
    39:48  Zergling x2  
    39:49  Zergling x2  
    39:50  Zergling x2  
    39:51  Mutalisk, Zergling x2  
    39:52  Mutalisk  
    39:53  Mutalisk  
    39:54  Mutalisk  
    39:55  Mutalisk  
    39:56  Mutalisk x2  
    39:57  Mutalisk  
    39:58  Mutalisk  
    39:59  Mutalisk  
    40:00  Mutalisk  
    40:01  Mutalisk x2  
    40:02  Mutalisk  
    40:03  Mutalisk  
    40:04  Mutalisk  
    40:05  Mutalisk x2  
    40:06  Mutalisk x2  
    40:07  Mutalisk  
    40:08  Mutalisk  
    40:09  Mutalisk  
    40:10  Mutalisk x2  
    40:11  Mutalisk  
    40:12  Mutalisk x2  
    40:13  Mutalisk x3  
    40:30  Mutalisk x4  
    40:31  Mutalisk x2  
    40:33  Drone x24  
    40:34  Mutalisk  
    40:38  Mutalisk  
    40:43  Zergling x4  
    40:44  Zergling x34  
    40:45  Zergling x24  
    40:58  Spine Crawler x3  
    40:59  Spine Crawler, Drone x2  
    41:00  Spine Crawler  
    41:01  Spine Crawler  
    41:04  Spore Crawler  
    41:05  Drone x3  
    41:06  Overlord  
    41:07  Spore Crawler  
    41:08  Spore Crawler  
    41:11  Spore Crawler  
    41:13  Spore Crawler  
    41:14  Spore Crawler  
    41:15  Spore Crawler  
    41:18  Extractor x2  
    41:20  Extractor  
    41:22  Extractor  
    41:25  Drone x18  
    41:26  Mutalisk  
    41:27  Mutalisk x14  
    41:28  Mutalisk  
    41:47  Drone x15  
    41:52  Spine Crawler, Mutalisk x4  
    41:53  Mutalisk x3  
    41:56  Mutalisk  
    42:00  Zergling x8  
    42:01  Zergling x32  
    42:02  Zergling x8  
    42:08  Hatchery  
    42:11  Hatchery  
    42:13  Hatchery  
    42:16  Hatchery  
    42:17  Mutalisk x6  
    42:18  Mutalisk x2  
    42:21  Mutalisk, Hatchery x2  
    42:22  Zergling x2  
    42:23  Zergling x24  
    42:24  Zergling x10, Hatchery  
    42:25  Hatchery  
    42:35  Zergling x2  
    42:36  Zergling x8  
    42:38  Mutalisk  
    42:39  Mutalisk x2  
    42:41  Mutalisk x2  
    42:42  Mutalisk  
    42:44  Mutalisk  
    42:49  Zergling x2  
    42:50  Zergling x20  
    42:51  Zergling x16  
    42:53  Zergling x2  
    42:54  Zergling x20  
    42:55  Drone  
    42:56  Drone x3  
    42:58  Mutalisk  
    42:59  Mutalisk x4  
    43:09  Extractor  
    43:10  Extractor  
    43:12  Extractor x2  
    43:13  Extractor  
    43:17  Mutalisk  
    43:18  Mutalisk x4  
    43:19  Mutalisk  
    43:21  Mutalisk  
    43:24  Mutalisk  
    43:26  Zergling x2  
    43:27  Zergling x10  
    43:28  Zergling x12  
    43:29  Zergling x4  
    43:33  Zergling x2  
    43:34  Zergling x16  
    43:35  Zergling x6  
    43:36  Zergling x2  
    43:37  Zergling x16  
    43:38  Zergling x2  
    43:39  Zergling x10  
    43:40  Zergling x12  
    43:43  Zergling x2  
    43:48  Zergling x2  
    43:51  Zergling x2  
    43:52  Zergling x6, Overlord x3  
    43:53  Zergling x6, Overlord x3  
    43:55  Mutalisk x2  
    43:56  Mutalisk  
    43:58  Mutalisk  
    43:59  Mutalisk x2  
    44:00  Mutalisk  
    44:04  Extractor  
    44:05  Mutalisk  
    44:08  Zergling x2  
    44:09  Zergling x6, Drone  
    44:10  Zergling x8, Drone x2  
    44:11  Zergling x6, Drone x7  
    44:12  Drone x5  
    44:13  Zergling x8  
    44:14  Zergling x6  
    44:21  Overseer x2  
    44:22  Overseer x3, Drone  
    44:23  Overseer, Drone x4  
    44:31  Spine Crawler x2  
    44:32  Spine Crawler  
    44:33  Spore Crawler  
    44:41  Mutalisk  
    44:42  Spine Crawler  
    44:44  Mutalisk  
    44:45  Mutalisk  
    44:46  Mutalisk  
    44:48  Spore Crawler  
    44:50  Mutalisk  
    44:54  Zergling x2  
    44:55  Zergling x10, Drone  
    44:56  Zergling x20, Drone x5  
    44:57  Zergling x6  
    45:05  Mutalisk x2  
    45:07  Zergling x4  
    45:08  Zergling x22  
    45:09  Zergling x20  
  272  45:10  Zergling x8  
    45:15  Zergling x2  
    45:16  Zergling x20  
    45:17  Zergling x18  
    45:18  Zergling x2  
    45:21  Zergling x8  
    45:22  Zergling x6  
    45:24  Zergling x2  
    45:25  Zergling x20  
    45:26  Zergling x2  
    45:29  Mutalisk x4  
    45:31  Mutalisk  
    45:34  Zergling x2  
    45:35  Zergling x16  
    45:36  Zergling x4  
    45:48  Mutalisk  
    45:49  Mutalisk  
    45:50  Mutalisk  
    45:54  Mutalisk  
    46:00  Mutalisk  
    46:04  Drone x4  
    46:05  Drone x9  
    46:06  Mutalisk, Drone x7  
    46:07  Drone x5  
    46:29  Spore Crawler  
    46:33  Spore Crawler  
    46:35  Spore Crawler  
    46:37  Spore Crawler  
    46:41  Spore Crawler  
    46:42  Spore Crawler  
    46:48  Mutalisk  
    46:49  Mutalisk x4  
  282  46:50  Mutalisk x2  
    46:54  Spore Crawler  
    46:58  Mutalisk  
    46:59  Zergling x2  
    47:00  Zergling x2  
    47:01  Zergling x2  
Show
View Real Time Build Order
Export as new Build Order

Gracz Zerg 

Build Orders: Pool First 

Get SALT Encoding   

    0:00  Drone x7  
    0:14  Drone  
    0:15  Drone  
    0:19  Drone  
    0:21  Extractor, Drone  
    0:23  Extractor  
    0:27  Extractor  
    0:30  Extractor, Drone x2  
    0:32  Extractor x2  
    0:38  Drone x3  
    0:48  Drone x3  
    0:59  Drone x3  
    1:12  Drone x3  
    1:21  Drone x3  
    1:29  Drone x3  
    1:34  Drone  
    1:54  Drone x3  
    1:56  Drone  
    2:00  Drone  
    2:02  Drone  
    2:04  Drone  
    2:05  Drone  
    2:09  Drone x2  
    2:11  Spawning Pool, Drone  
    2:13  Drone  
    2:15  Drone  
    2:17  Drone  
  15  2:20  Drone  
    2:22  Drone  
    2:24  Drone  
    2:27  Drone  
    2:28  Drone  
    2:29  Drone  
    2:31  Drone  
    2:33  Drone  
    2:35  Drone  
    2:39  Drone  
    2:40  Drone  
    2:42  Drone  
    3:05  Drone  
    3:06  Drone x2  
    3:42  Queen  
    3:50  Drone  
    3:58  Evolution Chamber  
    4:00  Zergling x2  
    4:01  Zergling x4  
    4:14  Zergling x6  
    5:10  Zergling x2  
    5:11  Zergling x4  
    5:35  Zergling x6  
    6:02  Lair  
    6:14  Zergling x2  
    6:15  Zergling x4  
    6:41  Drone x3  
    6:44  Spine Crawler  
    7:15  Metabolic Boost  
    7:19  Zergling x6  
    7:27  Zergling x6  
    8:23  Zergling x6  
    8:34  Spire  
    8:59  Drone x2  
  55  9:00  Drone  
    9:09  Drone x2  
    9:10  Drone  
    9:12  Drone  
    9:15  Drone  
    9:27  Drone x3  
    10:08  Drone  
    10:09  Drone x2  
    10:17  Mutalisk x3  
    10:29  Mutalisk  
    10:31  Mutalisk  
    10:32  Mutalisk  
    10:35  Mutalisk x2  
    10:39  Mutalisk  
    11:02  Mutalisk x3  
    11:19  Mutalisk  
    11:20  Mutalisk x2  
    11:24  Mutalisk  
    11:28  Mutalisk x2  
    12:25  Mutalisk x2  
    12:26  Mutalisk  
    13:13  Drone x2  
    13:14  Drone  
    13:50  Drone  
    13:52  Drone  
    13:54  Drone  
    13:55  Drone  
    13:57  Drone  
    13:59  Drone  
    14:02  Drone  
    14:03  Mutalisk x3  
    14:04  Drone  
    14:06  Drone  
    14:08  Drone  
    14:09  Drone  
    14:11  Drone  
    14:18  Drone  
    14:19  Drone x2  
    14:26  Drone x3  
    14:30  Drone  
    14:32  Drone  
    14:43  Drone x3  
    14:46  Queen, Drone  
    14:51  Drone x2  
    14:52  Drone  
    14:54  Extractor  
    14:56  Extractor  
    14:59  Extractor  
    15:25  Hatchery  
    15:42  Mutalisk x3  
    16:26  Hatchery  
    16:59  Drone x3  
    17:08  Hatchery  
    17:16  Hatchery  
    17:17  Queen  
    19:44  Drone x3  
    19:45  Drone x3  
    19:48  Drone x3  
    19:49  Drone  
    19:50  Drone  
    19:51  Drone x3  
    19:54  Drone x2  
    20:18  Extractor  
    20:31  Overlord  
    20:44  Spawning Pool  
    21:54  Lair  
    22:04  Queen  
    22:06  Queen  
    22:09  Zergling x6  
    22:12  Zergling x6  
    22:15  Zergling x6  
    23:14  Overseer  
    23:32  Spire  
    25:06  Drone, Hatchery  
    25:41  Lair  
    25:53  Drone x3  
    25:54  Drone x3  
    26:09  Drone x3  
    26:10  Hatchery  
    26:11  Drone  
    26:12  Drone x2  
    26:22  Extractor  
    26:24  Drone x3  
    26:26  Extractor, Drone  
    26:27  Drone x2  
    26:29  Extractor  
    26:38  Extractor  
    26:41  Extractor  
    26:46  Extractor  
    27:29  Mutalisk x3  
    27:31  Mutalisk x2  
    27:32  Mutalisk  
    27:33  Mutalisk x3  
    28:08  Infestation Pit  
    28:13  Nydus Network  
    28:20  Mutalisk x2  
    28:21  Mutalisk  
    28:22  Mutalisk x3  
    28:23  Mutalisk  
    28:24  Mutalisk x2  
    29:09  Mutalisk  
    29:10  Mutalisk  
    29:12  Mutalisk x2  
    29:51  Hatchery  
    32:16  Overlord x2  
    32:20  Spawning Pool  
    32:25  Drone  
    33:39  Lair  
    33:54  Evolution Chamber  
    34:12  Baneling Nest  
    34:46  Zerg Missile Weapons Level 1  
    34:59  Zergling x6  
    35:03  Zergling x2  
    35:14  Centrifical Hooks  
    35:17  Burrow  
    36:01  Infestation Pit  
    36:10  Nydus Network  
    36:14  Spire  
    36:16  Baneling x3  
    36:17  Baneling x5  
    36:20  Zergling x4  
    36:21  Zergling x2  
    37:03  Baneling x2  
    37:04  Baneling x4  
    37:21  Overseer x2  
    37:26  Zerg Ground Armor Level 1  
    38:42  Nydus Canal  
    38:49  Zergling x2  
    38:50  Zergling x4  
    39:11  Zergling x4  
    39:12  Zergling x2  
    39:45  Zergling x6  
    39:53  Infestor  
    40:24  Zergling x2  
    40:25  Zergling x4  
    40:45  Hatchery  
    40:55  Neural Parasite  
    40:59  Zergling x2  
    41:00  Zergling x4  
    41:22  Hive  
    41:23  Hydralisk Den  
    41:35  Corruptor x2  
    41:36  Corruptor  
    41:45  Zerg Flyer Weapons Level 1  
    41:52  Zergling x6  
  256  42:30  Lurker Den  
    42:44  Pathogen Glands  
    42:54  Hydralisk x3  
    43:02  Overlord x3  
    43:12  Zergling x2  
    43:13  Zergling x4  
    43:15  Zergling x6  
    43:17  Queen  
    43:18  Ultralisk Cavern  
    43:27  Overseer  
    43:37  Overseer x2  
    43:46  Zergling x6  
    44:25  Zerg Flyer Armor Level 1  
    45:10  Zergling x6  
    45:29  Mutalisk  
    45:30  Mutalisk x2  
    45:51  Zergling x6  
    45:54  Zergling x2  
    45:55  Zergling x4  
    46:03  Mutalisk x3  
    46:36  Mutalisk x3  
    46:37  Mutalisk  
    46:38  Mutalisk  
Tags
 
Add a new tag
Caveats
  • Supply blocks, unpowered buildings, or Contaminate may cause inaccurate times.
  • Supply counts are checked every 10 seconds.